 Dungeon Crawl Stone Soup version 0.21.0-24-g2553a33 (webtiles) character file.

262 Firecrotchwizard the Covert (level 5, -2/24 HPs)
             Began as a Spriggan Enchanter on Jan 21, 2018.
             Slain by dialectric's ghost (9 damage)
             ... on level 3 of the Dungeon.
             The game lasted 00:17:23 (4841 turns).

Firecrotchwizard the Covert (Spriggan Enchanter)    Turns: 4841, Time: 00:17:23

Health: -2/24      AC:  3    Str:  6    XL:     5   Next: 97%
Magic:  4/10       EV: 18    Int: 17    God:
Gold:   96         SH:  0    Dex: 17    Spells: 0/9 levels left

rFire    . . .     SeeInvis +   a - +1 dagger
rCold    . . .     Gourm    .   (shield restricted)
rNeg     . . .     Faith    .   q - +1 robe
rPois    .         Spirit   .   (helmet restricted)
rElec    .         Reflect  .   (no cloak)
rCorr    .         Harm     .   (gloves unavailable)
MR       .....                  (boots unavailable)
Stlth    ++++......             (no amulet)
HPRegen  0.08/turn              p - +2 ring of strength
MPRegen  0.12/turn              (no ring)

@: very quick
A: very small, unfitting armour, see invisible, herbivore, speed 3, slow
metabolism 2
a: no special abilities


You were on level 3 of the Dungeon.
You were not hungry.

You visited 1 branch of the dungeon, and saw 3 of its levels.

You collected 96 gold pieces.

Inventory:

Hand Weapons
 a - a +1 dagger (weapon)
 b - a +0 hunting sling
   (You took it off a hobgoblin on level 1 of the Dungeon)
Missiles
 k - 2 needles of confusion
 l - 17 poisoned needles
 r - 91 stones (quivered)
Armour
 q - a +1 robe (worn)
Jewellery
 p - a +2 ring of strength (left hand)
   (You found it on level 1 of the Dungeon)
 v - an uncursed ring of fire {rF+, rC-}
   (You found it on level 3 of the Dungeon)
Scrolls
 h - a scroll of amnesia
 m - 5 scrolls of identify {unknown}
 n - a scroll of remove curse {unknown}
 u - a scroll of teleportation {unknown}
Potions
 e - 3 potions of might {unknown}
 g - a potion of brilliance {unknown}
 i - a potion of heal wounds {unknown}
 o - 2 potions of invisibility {unknown}
 t - 2 potions of curing {unknown}
Books
 c - a book of Maledictions
Comestibles
 d - a ration {@e1}


   Skills:
 + Level 4.6 Short Blades
 - Level 3.0 Dodging
 - Level 8.0 Stealth
 + Level 2.6 Spellcasting
 + Level 3.6 Hexes


You couldn't memorise any spells.
You knew the following spells:

 Your Spells              Type           Power        Failure   Level  Hunger
a - Ensorcelled Hibernat  Hex/Ice        #.....       13%         2    ##.....
b - Dazzling Spray        Conj/Hex       #.....       26%         3    ###....
c - Confuse               Hex            ##......     12%         3    ###....
v - Corona                Hex            ##.....      4%          1    #......


Dungeon Overview and Level Annotations

Branches:
Dungeon (3/15)

Altars:

Annotations:
D:2 exclusions: 2 gnolls and goblin
D:3 Grinder; dialectric's ghost, amateur GrWn


Innate Abilities, Weirdness & Mutations

You are very small and have problems with some larger weapons.
You are too small for most types of armour.
You have supernaturally acute eyesight. (SInv)
You are a herbivore.
You cover ground extremely quickly.
You need consume almost no food.


Message History

You hit the orc but do no damage. The orc completely misses you.
MP restored: 10
Things that are here:
a club; a hobgoblin skeleton A dart slug comes into view.
The dart slug launches a dart at you. The slug dart misses you.
There is an open door here.
Aim: a dart slug (chance to defeat MR: 57%)
The dart slug resists with significant effort.
You are feeling very hungry.
The dart slug launches a dart at you. The slug dart misses you.
You now have 8/10 mp.
Aim: a dart slug (chance to defeat MR: 57%)
The dart slug resists with significant effort.
You now have 6/10 mp.
Aim: a dart slug (chance to defeat MR: 57%)
The dart slug looks drowsy...
You now have 4/10 mp.
The helpless dart slug fails to defend itself.
You stick the dart slug like a pincushion!!!
You kill the dart slug!
Aim: a frilled lizard (chance to defeat MR: 57%)
The frilled lizard resists with significant effort.
The frilled lizard barely misses you.
You now have 2/10 mp.
You completely miss the frilled lizard. The frilled lizard closely misses you.
Aim: a frilled lizard (chance to defeat MR: 57%)
The frilled lizard resists with significant effort.
The frilled lizard misses you.
You now have 0/10 mp.
You barely miss the frilled lizard. The frilled lizard barely misses you.
You hit the frilled lizard. The frilled lizard barely misses you.
You hit the frilled lizard.
You kill the frilled lizard!
You see here a frilled lizard corpse.
You eat one of the 2 rations {@e1}.
That ration really hit the spot!
You start resting.
MP restored: 10
There is an open door here.
You open the door.
Grinder comes into view.
Grinder shouts!
You can't see any susceptible monsters within range! (Use Z to cast anyway.) Unknown command.
Aim: Grinder (not susceptible)
Okay, then.
Okay, then.
Aim: Grinder (chance to defeat MR: 45%) Grinder resists with some effort.
Grinder gestures at you. You resist with some effort.
You now have 7/10 mp.
Aim: Grinder (chance to defeat MR: 45%) Grinder resists with some effort.
You now have 4/10 mp.
Aim: Grinder (chance to defeat MR: 45%) Grinder resists with some effort.
Grinder gestures at you.
You suddenly lose the ability to move!
Grinder blinks!
Grinder gestures at you. Pain shoots through your body!
You can move again.
You take 7 damage, and have 17/24 hp.
MASSIVE DAMAGE!!
You now have 1/10 mp.
There is an open door here.
Grinder gestures at you.
You suddenly lose the ability to move!
Grinder gestures at you. You resist with some effort. Grinder gestures at you.
You resist with some effort.
Grinder says, "I used to sell toenails on the black market."
You can move again.
Grinder misses you.
There is an open door here.
You hit dialectric's ghost but do no damage.
Okay, then.
As you read the scroll labeled XETAZ BICKO, it crumbles to dust.
It is a scroll of amnesia.
Okay, then.
Dialectric's ghost hits you.
You take 2 damage, and have 16/24 hp.
Unknown command.
As you read the scroll labeled EZXAEC HUCA, it crumbles to dust.
You experience a momentary feeling of inescapable doom!
It was a scroll of random uselessness.
Dialectric's ghost hits you!
* * * LOW HITPOINT WARNING * * *
You take 10 damage, and have 6/24 hp.
MASSIVE DAMAGE!!
As you read the scroll labeled GAOLOL BAESTRE, it crumbles to dust.
It is a scroll of enchant armour.
Your +0 robe glows green for a moment.
Dialectric's ghost closely misses you.
As you read the scroll labeled HAUQUZ MALAPI, it crumbles to dust.
You assume a fearsome visage.
Dialectric's ghost is unaffected.
It was a scroll of fear.
Dialectric's ghost hits you!
You die...

#...##.#########.#
##'###.##.######.#
#5# #....#...##÷#
#.# ####.#...##.#
####5# #.#...##)#
#....# #.#...##)#
#.#########.'...'.<#
#.#####....##...##.#
#..@W.'....'.......#
#######..†.######..#
#....# #..# #....#
#..# #....# #..#
###### #..# #...
#.## #...


You could see dialectric's ghost.

Vanquished Creatures
  A centaur (D:3)
  3 orc wizards (D:3)
  3 adders
  A worm (D:2)
  A dart slug (D:3)
  3 leopard geckos
  5 orcs (D:3)
  7 goblins
  16 hobgoblins
  4 jackals (D:3)
  7 bats
  5 frilled lizards
  5 kobolds
  5 rats
66 creatures vanquished.

Notes
Turn   | Place    | Note
-------+----------+-------------------------------------------
     0 | D:1      | Firecrotchwizard the Spriggan Enchanter began the quest for the Orb.
     0 | D:1      | Reached XP level 1. HP: 9/9 MP: 5/5
   361 | D:1      | HP: 2/9 [goblin/club (1)]
   372 | D:1      | Reached XP level 2. HP: 4/13 MP: 6/6
   393 | D:1      | Reached skill level 5 in Stealth
   621 | D:1      | Reached skill level 2 in Short Blades
   871 | D:1      | Learned a level 2 spell: Ensorcelled Hibernation
  1879 | D:1      | Reached XP level 3. HP: 5/16 MP: 8/8
  2759 | D:2      | Reached skill level 6 in Stealth
  3001 | D:2      | Reached skill level 3 in Short Blades
  3305 | D:3      | HP: 3/16 [hobgoblin/club (3)]
  3306 | D:3      | Reached XP level 4. HP: 4/21 MP: 5/9
  3316 | D:3      | HP: 4/21 [bat (1)]
  3746 | D:3      | Noticed dialectric's ghost (amateur GrWn)
  3891 | D:2      | Learned a level 3 spell: Confuse
  3894 | D:3      | Noticed a centaur
  3906 | D:3      | Killed a centaur
  3906 | D:3      | Reached skill level 4 in Short Blades
  3906 | D:3      | Reached skill level 7 in Stealth
  3906 | D:3      | Reached XP level 5. HP: 11/24 MP: 7/10
  4313 | D:3      | Learned a level 3 spell: Dazzling Spray
  4594 | D:3      | Reached skill level 8 in Stealth
  4806 | D:3      | Noticed Grinder
  4809 | D:3      | Paralysed by Grinder for 5 turns
  4816 | D:3      | Paralysed by Grinder for 6 turns
  4839 | D:3      | HP: 6/24 [dialectric's ghost (10)]
  4841 | D:3      | Slain by dialectric's ghost

Skill      XL: |  1  2  3  4  5 |
---------------+----------------+-----
Stealth        | 5 6 7 8 |  8.0
Short Blades   | 2 3 4 |  4.6
Dodging        | |  3.0
Spellcasting   | |  2.6
Hexes          | |  3.6

Action                   |  1- 3 |  4- 6 || total
-------------------------+-------+-------++-------
Melee: Dagger            |   166 |    84 ||   250
 Fire: Hunting sling     |    26 |    17 ||    43
Throw: Stone             |     6 |     3 ||     9
 Cast: Corona            |     1 |       ||     1
       Ensorcelled Hiber |     4 |    23 ||    27
       Confuse           |       |     4 ||     4
  Use: Scroll            |       |     4 ||     4
 Stab: Sleeping          |    13 |    14 ||    27
       Distracted        |     1 |       ||     1
       Confused          |       |     2 ||     2
  Eat: Ration            |       |     2 ||     2
Armor: Robe              |     5 |    14 ||    19
Dodge: Dodged            |   120 |    96 ||   216

Vault maps used:
D:1:      minmay_arrival_nine_rooms, dk_noncrumbling_4, minmay_vboxes
D:2:      first_ration, serial_co_window_serial, co_window_of_opportunity_a,
          co_window_corner_a, co_window_paths_a, co_window_of_opportunity_a,
          co_window_of_opportunity_a, co_window_unsneaky_path_c,
          co_window_of_opportunity_b, co_window_broadway_b,
          co_window_broadway_a, co_window_cross_4, co_window_4corner_b,
          glass_columns_a, glass_columns_b, glass_columns_b, glass_columns_b,
          minmay_cut_off
D:3:      trog_eyes_of_draining, uniq_grinder

Table legend:
 A = Turns spent in this place as a percentage of turns spent in the entire game.
 B = Non-inter-level travel turns spent in this place as a percentage of non-inter-level travel turns spent in the entire game.
 C = Inter-level travel turns spent in this place as a percentage of turns spent in this place.
 D = Turns resting spent in this place as a percentage of non-inter-level travel turns spent in this place.
 E = Turns spent auto-exploring this place as a percentage of non-inter-level travel turns spent in this place.
 F = Non-inter-level travel turns spent in this place divided by the number of levels of this place that you've seen.
                   A       B       C       D       E      F
               +-------+-------+-------+-------+-------+----------------------
         Total | 100.0 | 100.0 |   1.7 |  38.7 |  32.8 | 1587.0
       Dungeon | 100.0 | 100.0 |   1.7 |  38.7 |  32.8 | 1587.0
               +-------+-------+-------+-------+-------+----------------------

Table legend:
 A = Kills in this place as a percentage of kills in entire the game.
 B = Kills by you in this place as a percentage of kills by you in the entire game.
 C = Kills by friends in this place as a percentage of kills by friends in the entire game.
 D = Other kills in this place as a percentage of other kills in the entire game.
 E = Experience gained in this place as a percentage of experience gained in the entire game.
 F = Experience gained in this place divided by the number of levels of this place that you have seen.
                   A       B       C       D       E      F
               +-------+-------+-------+-------+-------+----------------------
         Total | 100.0 | 100.0 |   N/A |   N/A | 100.0 | 125.0
       Dungeon | 100.0 | 100.0 |   N/A |   N/A | 100.0 | 125.0
               +-------+-------+-------+-------+-------+----------------------
